 Dungeon Crawl Stone Soup version 0.17.1-3-g152610e (webtiles) character file.

9673 Gargoyl the Protected (level 11, 0/130 HPs)
             Began as a Demonspawn Abyssal Knight on Feb 19, 2016.
             Was the Champion of Lugonu.
             Slain by a sun demon (13 damage)
             ... summoned by an orc high priest
             ... on level 4 of the Orcish Mines.
             The game lasted 00:25:42 (13055 turns).

Gargoyl the Protected (Demonspawn Abyssal Knight)  Turns: 13055, Time: 00:25:43

Health: 0/130      AC: 17    Str: 16    XL:     11   Next: 26%
Magic:  13/13      EV:  2    Int: 14    God:    Lugonu [******]
Gold:   485        SH:  0    Dex: 21    Spells: 0 memorised, 10 levels left

rFire  . . .     SeeInvis .     H - +2 battleaxe (drain)
rCold  . . .     Clarity  .     (armour currently unavailable)
rNeg   + + +     SustAt   .     (shield currently unavailable)
rPois  +         Gourm    .     (helmet currently unavailable)
rElec  .         Spirit   .     (cloak currently unavailable)
rCorr  .         Warding  .     (gloves currently unavailable)
rMut   .         NoTele   +     (boots currently unavailable)
MR     +....                    h - amulet of rage
Stlth  +++++.....               K - +2 ring of evasion
                                C - ring of protection from magic

@: agile, exhausted, tree-form, corroded equipment, slowed, very slow, somewhat
resistant to hostile enchantments, quite stealthy
A: (claws 0), thin skeletal structure 2, powered by pain 1, screaming 1, (spiny
0)
a: Depart the Abyss, Bend Space, Banish, Corrupt, Enter the Abyss, Brand Weapon
With Distortion, Renounce Religion, Evoke Berserk Rage


You were on level 4 of the Orcish Mines.
You worshipped Lugonu.
Lugonu was exalted by your worship.
You were not hungry.
You were a tree.
You visited 2 branches of the dungeon, and saw 13 of its levels.
You visited the Abyss 1 time.

You collected 1090 gold pieces.
You spent 605 gold pieces at shops.

Inventory:

Hand Weapons
 a - a +2 flail
 j - a +3 war axe of freezing
 H - a +2 battleaxe of draining (weapon)
Missiles
 f - 18 tomahawks (quivered)
 s - 3 poisoned tomahawks
Armour
 b - a +2 cloak (melded)
 i - a +0 pair of gloves (melded)
 n - a +0 shield
 t - a +2 helmet (melded)
 v - a +0 chain mail of magic resistance (melded)
 z - a +0 pair of boots (melded)
Jewellery
 h - an amulet of rage (around neck)
 q - an uncursed ring of fire
 y - the amulet of Springtime {rElec Regen+ MP+9}
   (You bought it in a shop on level 2 of the Orcish Mines)

   [amulet of regeneration]

   It insulates you from electricity.
   It affects your magic capacity (+9).
   It increases your rate of regeneration.
 C - a ring of protection from magic (left branch)
 K - a +2 ring of evasion (right branch)
Wands
 u - a wand of random effects (24)
 F - a wand of frost (20)
 I - a wand of fireball (14)
 L - a wand of cold (6)
 M - a wand of paralysis (14)
Scrolls
 e - 5 scrolls of identify
 g - 3 scrolls of recharging
 m - 3 scrolls of remove curse
 p - 2 scrolls of magic mapping
 J - a scroll of fear
Potions
 k - 3 potions of curing
 l - a potion of haste
 r - a potion of cancellation {unknown}
 w - 2 potions of heal wounds {unknown}
 x - a potion of lignification
 A - 2 potions of brilliance {unknown}
 B - 2 potions of might {unknown}
 D - 3 potions of magic {unknown}
 E - a potion of ambrosia {unknown}
 O - a potion of degeneration {unknown}
Comestibles
 c - 6 bread rations
 d - 4 meat rations
 o - a royal jelly
 G - 2 beef jerkies


   Skills:
 + Level 8.3 Fighting
 + Level 8.7 Axes
 + Level 1.3 Throwing
 + Level 9.1 Armour
 + Level 6.7 Dodging
 + Level 2.0 Stealth
 + Level 3.0 Shields
 + Level 3.1 Invocations
 + Level 0.2 Evocations


You had 10 spell levels left.
You didn't know any spells.

Dungeon Overview and Level Annotations

Branches:
Dungeon (10/15)            Temple (0/1) D:5             Orc (4/4) D:10
   Lair: D:8-11         Elf: Orc:3-4

Altars:
Ashenzari
Cheibriados
Fedhas
Kikubaaqudgha
Ru
Sif Muna
Xom
Yredelemnul
Zin
Beogh

Shops:
D:7 :   D:10 %   Orc:1 [   Orc:2 =   Orc:4 [=


Innate Abilities, Weirdness & Mutations

((You have very sharp fingernails.))
You have a moderately thin skeletal structure (Dex +4, Stealth+).
You sometimes gain a little power by taking damage.
((You are partially covered in sharp spines.))
You occasionally shout uncontrollably at your foes.


Message History

The orc wizard hits you but does no damage.
The blue devil is struck by your spines.
You kill the blue devil!
The orc high priest hits you but does no damage.
The orc priest completely misses you.
The sun demon hits you but does no damage.
Drink which item? (? for menu, Esc to quit)
You turn into a tree.
Your +2 cloak melds into your body.
Your +2 helmet melds into your body.
Your +0 pair of gloves melds into your body.
Your +0 pair of boots melds into your body.
Your +0 chain mail of magic resistance melds into your body.
You feel less resistant to hostile enchantments.
Your roots penetrate the ground.
The orc priest miscasts a cantrip.
The orc wizard mumbles some strange words.
The orc wizard blinks!
The orc high priest hits you but does no damage.
The sun demon hits you!
You die...

#######
##.......
##........
#......##
#)ooo...#
#)♣...#..
#oo3o##
#..#o§#
...##.oo
....#
oo.∩.
.....#
..#∩
#..#..#
...
#..#...
#..


You could see 2 orc high priests, a sun demon, an orc sorcerer, an orc warrior,
6 orc priests and an orc wizard.

Vanquished Creatures
  Urug (Orc:1)
  2 orc high priests (Orc:4)
  Joseph (D:8)
  2 trolls (D:10)
  A queen bee (D:8)
  4 hippogriffs
  3 hungry ghosts (D:10)
  2 wargs
  3 orc warriors (Orc:4)
  3 ice beasts
  3 sky beasts
  2 phantoms (D:10)
  5 ogres
  A necrophage (D:10)
  A wyvern zombie (D:10)
  A big kobold (D:9)
  7 giant frogs
  A scorpion (D:5)
  22 killer bees
  A troll zombie (D:10)
  9 wights
  3 crimson imps
  3 jellies
  4 hounds
  A quasit (D:6)
  2 giant frog zombies
  15 orc priests
  3 iguanas
  Crazy Yiuf (D:3)
  A centaur skeleton (D:7)
  2 giant frog skeletons
  18 orc wizards
  9 worker ants
  5 ogre zombies (D:10)
  A hound skeleton (D:6)
  10 adders
  9 gnolls
  3 shadow imps
  3 oozes
  2 adder zombies (D:5)
  3 worms
  7 giant geckos
  87 orcs
  5 bats
  5 giant cockroaches
  4 goblins
  9 hobgoblins
  11 jackals
  10 kobolds
  4 quokkas
  A giant gecko skeleton (D:4)
  10 giant newts
  A goblin skeleton (D:10)
  2 hobgoblin skeletons (D:10)
  2 hobgoblin zombies (D:10)
  3 orc skeletons (D:10)
  11 orc zombies (D:10)
  A quokka skeleton (D:10)
  2 quokka zombies
  10 rats
358 creatures vanquished.

Notes
Turn   | Place    | Note
--------------------------------------------------------------
     0 | Abyss:1  | Gargoyl the Demonspawn Abyssal Knight began the quest for the Orb.
     0 | Abyss:1  | Reached XP level 1. HP: 18/18 MP: 2/2
   107 | Abyss:1  | Noticed an anaconda zombie
   117 | Abyss:1  | Noticed a smoke demon
   205 | Abyss:1  | Noticed an orange demon
   285 | Abyss:1  | Noticed an ancient zyme
   299 | Abyss:2  | Found a corrupted altar of Lugonu.
   372 | Abyss:2  | Noticed a chaos spawn
   372 | D:1      | Escaped the Abyss
   635 | D:1      | Gained mutation: You have sharp fingernails. [demonic ancestry]
   635 | D:1      | Reached XP level 2. HP: 14/24 MP: 4/4
   818 | D:1      | Reached * piety under Lugonu
   872 | D:1      | Reached skill level 1 in Dodging
  1637 | D:2      | Reached XP level 3. HP: 29/29 MP: 5/5
  2159 | D:2      | Found a glowing silver altar of Zin.
  2189 | D:2      | Reached ** piety under Lugonu
  2569 | D:3      | Gained mutation: You are partially covered in sharp spines. [demonic ancestry]
  2569 | D:3      | Reached XP level 4. HP: 19/35 MP: 6/6
  2889 | D:3      | Found a snail-covered altar of Cheibriados.
  3071 | D:3      | Noticed Crazy Yiuf
  3077 | D:3      | Killed Crazy Yiuf
  3253 | D:3      | Found a basalt altar of Yredelemnul.
  3253 | D:3      | Found a deep blue altar of Sif Muna.
  3464 | D:4      | Found a shattered altar of Ashenzari.
  3501 | D:4      | Gained mutation: You have very sharp fingernails. [demonic ancestry]
  3501 | D:4      | Reached XP level 5. HP: 36/41 MP: 7/7
  3917 | D:4      | Noticed an ogre
  3947 | D:4      | HP: 2/42 [ogre/giant spiked club (11)]
  4305 | D:4      | Killed an ogre
  4305 | D:4      | Reached XP level 6. HP: 48/48 MP: 8/8
  4385 | D:4      | Found a blossoming altar of Fedhas.
  4411 | D:4      | Reached skill level 4 in Fighting
  4654 | D:4      | Found a shimmering altar of Xom.
  5312 | D:5      | Entered Level 5 of the Dungeon
  5315 | D:5      | Found an ancient bone altar of Kikubaaqudgha.
  5316 | D:5      | Found a staircase to the Ecumenical Temple.
  5339 | D:5      | Reached *** piety under Lugonu
  5656 | D:5      | Reached XP level 7. HP: 51/54 MP: 9/9
  6278 | D:5      | Reached skill level 5 in Armour
  6508 | D:6      | Found Pitur's Magic Scroll Shoppe.
  6588 | D:6      | Reached **** piety under Lugonu
  6700 | D:6      | Reached skill level 1 in Stealth
  6700 | D:6      | Gained mutation: You have a somewhat thin skeletal structure (Dex +2, Stealth). [demonic ancestry]
  6700 | D:6      | Reached XP level 8. HP: 61/61 MP: 10/10
  6767 | D:6      | You fall through a shaft!
  7009 | D:7      | Found Moisal's Book Boutique.
  7027 | D:7      | Reached skill level 1 in Shields
  7198 | D:7      | HP: 3/61 [orc priest/divine providence (11)]
  7509 | D:7      | Reached skill level 6 in Armour
  7526 | D:7      | Reached skill level 5 in Fighting
  8229 | D:8      | Gained mutation: You have a moderately thin skeletal structure (Dex +4, Stealth+). [demonic ancestry]
  8229 | D:8      | Reached XP level 9. HP: 48/68 MP: 11/11
  8233 | D:8      | Reached skill level 5 in Dodging
  8244 | D:8      | Reached skill level 5 in Axes
  8302 | D:8      | Noticed a queen bee
  8323 | D:8      | Killed a queen bee
  8553 | D:8      | Reached skill level 1 in Throwing
  8952 | D:8      | Reached skill level 7 in Armour
  9058 | D:8      | Noticed Joseph
  9095 | D:8      | Killed Joseph
  9574 | D:8      | Reached ***** piety under Lugonu
  9669 | D:9      | Found a sacrificial altar of Ru.
 10014 | D:9      | Gained mutation: You sometimes gain a little power by taking damage. [demonic ancestry]
 10014 | D:9      | Reached XP level 10. HP: 77/77 MP: 12/12
 10427 | D:6      | Gained mutation: You occasionally shout uncontrollably at your foes. [mutagenic meat]
 10813 | D:10     | Entered Level 10 of the Dungeon
 10820 | D:10     | Reached skill level 8 in Armour
 11027 | D:10     | Found Jeqodaul's Food Shop.
 11232 | D:10     | Found a staircase to the Orcish Mines.
 11489 | D:10     | Reached ****** piety under Lugonu
 12024 | Orc:1    | Entered Level 1 of the Orcish Mines
 12218 | Orc:1    | Noticed Urug
 12231 | Orc:1    | Killed Urug
 12526 | Orc:1    | Found Anew's Antique Armour Shoppe.
 12547 | Orc:1    | Bought a shield for 121 gold pieces
 12828 | Orc:2    | Reached XP level 11. HP: 73/86 MP: 13/13
 12945 | Orc:2    | Found a roughly hewn altar of Beogh.
 12981 | Orc:2    | Found Pacionass's Jewellery Boutique.
 13001 | Orc:2    | Bought the amulet of Springtime {rElec Regen+ MP+9} for 484 gold pieces
 13027 | Orc:2    | You fall through a shaft for 2 floors!
 13027 | Orc:4    | Entered Level 4 of the Orcish Mines
 13027 | Orc:4    | Found Ybita's Armour Shoppe.
 13027 | Orc:4    | Noticed an orc high priest
 13028 | Orc:4    | Found Wobig's Jewellery Emporium.
 13028 | Orc:4    | Noticed an orc high priest
 13031 | Orc:4    | Noticed an orc high priest
 13034 | Orc:4    | Noticed an orc high priest
 13038 | Orc:4    | Noticed a sun demon
 13044 | Orc:4    | Killed an orc high priest
 13044 | Orc:4    | Reached skill level 9 in Armour
 13048 | Orc:4    | Killed an orc high priest
 13055 | Orc:4    | Slain by a sun demon

Action                   |  1- 3 |  4- 6 |  7- 9 | 10-12 || total
-------------------------+-------+-------+-------+-------++-------
Melee: Hand axe          |   160 |   110 |   306 |       ||   576
       War axe           |       |       |    29 |       ||    29
       Battleaxe         |       |       |    14 |   235 ||   249
Throw: Tomahawk          |       |       |     7 |       ||     7
Invok: Depart the Abyss  |     1 |       |       |       ||     1
 Abil: Evoke Berserk Rag |       |     1 |       |     1 ||     2
  Use: Potion            |       |     5 |     3 |     2 ||    10
       Scroll            |       |       |    18 |     2 ||    20
  Eat: Chunk             |     6 |     7 |     8 |     1 ||    22
       Pizza             |       |     1 |       |       ||     1
       Bread ration      |       |     1 |       |     1 ||     2
       Royal jelly       |       |       |     2 |     5 ||     7
       Meat ration       |       |       |       |     1 ||     1
